 Dungeon Crawl Stone Soup version 0.28-a0-586-gbdb9d174a4 (webtiles) character file.

Game seed: 17932448289322329005

64 Conn the Firebug (level 4, -5/27 HPs)
             Began as an Octopode Fire Elementalist on Oct 3, 2021.
             Slain by an orc (7 damage)
             ... on level 2 of the Dungeon.
             The game lasted 00:03:17 (1462 turns).

Conn the Firebug (Octopode Fire Elementalist)       Turns: 1462, Time: 00:03:18

Health: -5/27      AC:  1    Str:  7    XL:     4   Next: 12%
Magic:  7/7        EV: 13    Int: 18    God:
Gold:   16         SH:  0    Dex: 12    Spells: 6/7 levels left

rFire   . . .      SeeInvis .   a - +3 dagger (drain)
rCold   . . .      Faith    .   (no shield)
rNeg    . . .      Spirit   .   (helmet restricted)
rPois   .          Reflect  .   (no amulet)
rElec   .          Harm     .   (no ring)
rCorr   .          Rampage  .   (no ring)
Will    .....                   (no ring)
Stlth   +++.......              (no ring)
HPRegen 0.09/turn               (no ring)
MPRegen 0.10/turn               (no ring)
                                (no ring)
                                (no ring)

@: attractive, flying
A: almost no armour, amphibious, 8 rings, camouflage 1, gelatinous body 1,
(nimble swimmer 1), tentacles
a: no special abilities


You were on level 2 of the Dungeon.
You visited 1 branch of the dungeon, and saw 2 of its levels.

You collected 16 gold pieces.

Inventory:

Hand Weapons
 a - a +3 dagger of draining (weapon)
Scrolls
 c - 2 scrolls of teleportation {unknown}
Potions
 d - 2 potions of attraction
 f - a potion of lignification {unknown}


   Skills:
 + Level 0.9 Fighting
 + Level 0.1 Short Blades
 + Level 2.2 Dodging
 + Level 3.3 Stealth
 + Level 2.4 Spellcasting
 + Level 1.4 Conjurations
 + Level 3.8 Fire Magic


You had 6 spell levels left.
You knew the following spells:

 Your Spells              Type           Power      Damage    Failure   Level
a - Foxfire               Conj/Fire      44%        2x1d6     6%          1

Your spell library contained the following spells:

 Spells                   Type           Power      Damage    Failure   Level
 Scorch                   Fire           30%        2d7       5%          2
 Conjure Flame            Conj/Fire      11%        6-21      19%         3
 Inner Flame              Hex/Fire       9%         N/A       24%         3
 Flame Wave               Conj/Fire      11%        3d4       52%         4


Dungeon Overview and Level Annotations

Branches:
Dungeon (2/15)

Altars:


Innate Abilities, Weirdness & Mutations

You cannot wear most types of armour.
You are amphibious.
You can wear up to eight rings at the same time.
Your skin changes colour to match your surroundings (Stealth+).
Your rubbery body absorbs attacks. (AC +1, EV +1)
((You are camouflaged near water. (Stealth+)))
You have tentacles for arms and can constrict up to eight enemies at once.


Message History

Unknown command.
You barely miss the orc wizard. Your grab misses the orc wizard.
Your squeeze misses the orc wizard.
The orc wizard is almost dead.
The orc wizard hits you with a +0 dagger.
The orc wizard barely misses you.
Unknown command.
You hit the orc wizard but do no damage.
Your grab misses the orc wizard.
The orc wizard is heavily wounded.
The orc wizard barely misses you.
Unknown command.
You hit the orc wizard.
You kill the orc wizard!
An orc comes into view. It is wielding a +0 flail.
You have reached level 4!
You hit the orc wizard. You drain the orc wizard.
Your grab misses the orc wizard.
The orc wizard is severely wounded.
The orc hits you with a +0 short sword.
Unknown command.
The orc wizard casts a spell at you. The puff of flame hits you.
* * * LOW HITPOINT WARNING * * *
An orc comes into view. It is wielding a +0 club.
It was a potion of attraction.
You feel attractive to monsters.
The orc shouts!
The orc hits you with a +0 flail.
* * * LOW HITPOINT WARNING * * *
The orc is attracted toward you.
As you read the scroll labelled RIWESIOBEMM, it crumbles to dust.
It is a scroll of enchant weapon.
Your +2 dagger of draining glows red for a moment.
The orc barely misses you. The orc wizard closely misses you.
Okay, then.
It was a potion of flight.
You feel very buoyant.
You fly up into the air.
The orc hits you with a +0 flail!
You die...

#### #.#
....###<###
..........######
.##............#
####...)...#.#
#.........#
#####.........# #
#..†..........# .#
#............@###.#
#..†.........oo...#
#.)...##.###.oo.§.#
#.....##.....####.#
.....####.#.### #
#.###### #)#.# #
#.#.# #.#.# #.#.#


You could see an orc wizard (drained) and 3 orcs.

Vanquished Creatures
  An orc wizard (D:2)
  An adder (D:2)
  A dart slug (D:1)
  2 ball pythons (D:1)
  3 bats
  An endoplasm (D:1)
  A giant cockroach (D:1)
  6 goblins
  A hobgoblin (D:1)
  2 kobolds (D:1)
  4 quokkas
  3 rats
26 creatures vanquished.

Vanquished Creatures (others)
  66 foxfires
66 creatures vanquished.

Grand Total: 92 creatures vanquished

Notes
Turn   | Place    | Note
-------+----------+-------------------------------------------
     0 | D:1      | Conn the Octopode Fire Elementalist began the quest for the
                  | Orb.
     0 | D:1      | Reached XP level 1. HP: 11/11 MP: 3/3
   279 | D:1      | Reached XP level 2. HP: 17/17 MP: 1/5
   942 | D:1      | Reached XP level 3. HP: 21/21 MP: 6/6
  1457 | D:2      | Reached XP level 4. HP: 14/27 MP: 7/7
  1460 | D:2      | HP: 1/27 [orc (6)]
  1462 | D:2      | Slain by an orc

Illustrated notes

Levels and vault maps discovered:
D:1:      dpeg_arrival_short_road, layout_basic
D:2:      layout_loops_ring, basic_ecumenical_altar, minmay_tiny_reverse_x

Skill      XL: |  1  2 |
---------------+-------+-----
Stealth        | 3 |  3.3
Fighting       | |  0.9
Short Blades   | |  0.1
Dodging        | |  2.2
Spellcasting   | |  2.4
Conjurations   | |  1.4
Fire Magic     | |  3.8

Action                   |  1- 3 |  4- 6 || total
-------------------------+-------+-------++-------
Melee: Unarmed           |     4 |       ||     4
       Constrict         |     3 |       ||     3
       Tentacles         |     2 |       ||     2
       Dagger            |    19 |     1 ||    20
 Cast: Foxfire           |    40 |       ||    40
  Use: Potion            |       |     2 ||     2
       Scroll            |       |     1 ||     1
 Stab: Sleeping          |     1 |       ||     1
Armor: Skin              |     1 |       ||     1
Dodge: Dodged            |    18 |     2 ||    20

Table legend: (Time is in decaauts)
 A = Elapsed time spent in this place.
 B = Non-inter-level travel time spent in this place.
 C = Inter-level travel time spent in this place.
 D = Time resting spent in this place.
 E = Time spent auto-exploring this place.
 F = Levels seen in this place.
 G = Mean time per level.
                   A        B        C        D        E       F      G
               +--------+--------+--------+--------+--------+-----+--------+
         Total |   1461 |   1437 |     24 |      0 |   1176 |   2 |  730.5 |
       Dungeon |   1461 |   1437 |     24 |      0 |   1176 |   2 |  730.5 |
               +--------+--------+--------+--------+--------+-----+--------+

Top non-repeatable levels by time:
     D:1: 1284 daAuts
     D:2: 176 daAuts
